 Dungeon Crawl Stone Soup version 0.29-a0-359-g541a27f54d (webtiles) character file.

Game seed: 285341897603899832

1547 chaleem the Chopper (level 8, -12/64 HPs)
             Began as a Demonspawn Chaos Knight on Apr 27, 2022.
             Was a Plaything of Xom.
             Mangled by a nine-headed hydra (14 damage)
             ... on level 6 of the Dungeon.
             The game lasted 00:11:31 (6524 turns).

chaleem the Chopper (Demonspawn Chaos Knight)       Turns: 6524, Time: 00:11:31

Health: -12/64     AC:  8    Str: 16    XL:     8   Next: 57%
Magic:  0/8        EV: 13    Int: 19    God:    Xom [..*...]
Gold:   461        SH:  0    Dex: 14    Spells: 7/7 levels left

rFire   . . .      SeeInvis .   a - +0 hand axe (chaos)
rCold   . . .      Faith    .   (no shield)
rNeg    . . .      Spirit   +   k - +0 ring mail
rPois   .          Reflect  .   i - +0 helmet
rElec   .          Harm     .   z - +0 cloak
rCorr   .          Rampage  .   (no gloves)
Will    +....      Clarity  +   f - +0 pair of boots
Stlth   +++.......              C - amulet of the acrobat
HPRegen 0.20/turn               o - +6 ring of intelligence
MPRegen 0.22/turn               (no ring)

@: no status effects
A: spiny 2, magic shield, magic regeneration, demonic touch 1, hooves 1, thin
skeletal structure 1, clarity, strong-willed 1, wild magic 1, sturdy frame 2
a: Renounce Religion


You were on level 6 of the Dungeon.
You worshipped Xom.
You were a toy of Xom.
You visited 1 branch of the dungeon, and saw 6 of its levels.
You also visited: Sewer.

You collected 461 gold pieces.

Inventory:

Hand Weapons
 a - a +0 hand axe of chaos (weapon)
 y - a +2 quarterstaff of chaos
Armour
 b - a +2 leather armour
 f - a +0 pair of boots (worn)
 i - a +0 helmet (worn)
 k - a +0 ring mail (worn)
 z - a +0 cloak (worn)
 D - the +3 leather armour of Focus {Str+3}
   (You found it on level 6 of the Dungeon)

   Str:       It affects your strength (+3).
Jewellery
 o - a +6 ring of intelligence (left hand)
 C - an amulet of the acrobat (around neck)
Wands
 j - a wand of digging (5)
 q - a wand of polymorph (20)
Scrolls
 d - 7 scrolls of teleportation
 g - 4 scrolls of vulnerability {unknown}
 h - a scroll of summoning {unknown}
 l - 2 scrolls of enchant weapon {unknown}
 m - 4 scrolls of identify {unknown}
 n - a scroll of silence {unknown}
 p - 2 scrolls of noise {unknown}
 u - a scroll of fear {unknown}
 w - 2 scrolls of enchant armour {unknown}
 x - 3 scrolls of magic mapping {unknown}
 B - a scroll of amnesia {unknown}
Potions
 e - 3 potions of curing
 r - a potion of mutation {unknown}
 s - 6 potions of flight
 t - 2 potions of attraction {unknown}
 v - 2 potions of brilliance {unknown}
 A - a potion of degeneration {unknown}
 E - a potion of might {unknown}
 F - a potion of resistance {unknown}
Miscellaneous
 c - a piece from Xom's chessboard (15/15) (quivered)


   Skills:
 + Level 5.8 Fighting
 + Level 6.9 Axes
 + Level 2.8 Armour
 + Level 3.7 Dodging
 + Level 4.1 Stealth


You had 7 spell levels left.
You didn't know any spells.
Your spell library contained the following spells:

 Spells                   Type           Power      Damage    Failure   Level
 Confusing Touch          Hex            0%         N/A       65%         3
 Ozocubu's Armour         Ice            0%         N/A       65%         3
 Yara's Violent Unravell  Hex/Tmut       0%         3d3       100%        5
 Enfeeble                 Hex            0%         N/A       100%        7
 Ozocubu's Refrigeration  Ice            0%         4d5       100%        7


Dungeon Overview and Level Annotations

Branches:
Dungeon (6/15)             Temple (0/1) D:4           Sewer (visited)

Altars:
Elyvilon
Fedhas
Trog
Xom
Yredelemnul

Shops:
D:3 :   D:4 [


Innate Abilities, Weirdness & Mutations

You are mostly covered in sharp spines.
When hurt, damage is shared between your health and your magic reserves.
You regenerate magic rapidly.
Your touch may inflict minor irresistible damage on your foes.
You have large cloven feet.
You have a somewhat thin skeletal structure. (Dex +2, Stealth+)
You possess an exceptional clarity of mind.
You are strong-willed. (Will+)
Your spells are a little harder to cast, but a little more powerful.
Your movements are less encumbered by armour. (ER -4)


Message History

You kill the adder!
No target in view!
No target in view!
No target in view!
No target in view!
F - a smoky amethyst potion
Found a stone staircase leading up.
Found an escape hatch in the floor.
t - 2 fizzy grey potions (gained 1)
A seven-headed hydra comes into view.
A sky beast comes into view.
The helpless seven-headed hydra fails to defend itself.
You slice one of the seven-headed hydra's heads off!
The six-headed hydra grows two more!
You hit the eight-headed hydra.
You touch the eight-headed hydra.
The eight-headed hydra is lightly wounded.
The eight-headed hydra is struck by your spines.
The eight-headed hydra bites you but does no damage.
The eight-headed hydra misses you. The eight-headed hydra bites you! x2
The eight-headed hydra bites you but does no damage.
The eight-headed hydra bites you. x2
The eight-headed hydra barely misses you.
The eight-headed hydra is struck by your spines.
The eight-headed hydra bites you! The eight-headed hydra misses you.
The eight-headed hydra bites you!
The eight-headed hydra completely misses you.
The eight-headed hydra misses you.
The eight-headed hydra bites you but does no damage.
The eight-headed hydra misses you. x2
You chop one of the eight-headed hydra's heads off!
The seven-headed hydra grows two more!
You slash the nine-headed hydra!
The nine-headed hydra seems to grow stronger.
The nine-headed hydra is moderately wounded. "See what I see, my child!"
You detect creatures!
The nine-headed hydra bites you! The nine-headed hydra bites you!!
* * * LOW HITPOINT WARNING * * *
The nine-headed hydra bites you!
You die...
Xom cackles wildly!

... #.# .... #.#
.....####.#
..>....<#.#
.....##.#.###
.............#
..........#.#
#.#####.#.#.#######
.. #.#.#@D.....Y #
##.###.#.#########
#. #.<.##.#.#
#.##...##.#.#
###........#>#
...........#.#
..........##.#
........#....##
........#.#...##


You could see a nine-headed hydra (strong) and a sky beast (asleep).

Vanquished Creatures
  2 water moccasins
  2 ice beasts (D:5)
  2 ogres
  A centaur (D:5)
  A phantom (D:5)
  2 necrophages (D:5)
  3 scorpions
  A jelly (D:6)
  Crazy Yiuf (D:4)
  2 hounds
  3 iguanas
  An orc wizard (D:4)
  A merfolk siren (Sewer)
  4 adders
  7 river rats
  2 ufetubi (D:5)
  2 worms
  2 dart slugs (D:2)
  2 orcs
  7 ball pythons
  5 bats
  3 endoplasms (D:1)
  3 giant cockroaches
  7 goblins
  2 hobgoblins
  7 kobolds
  4 quokkas
  11 frilled lizards
  24 rats
  A bush (D:5)
115 creatures vanquished.

Vanquished Creatures (collateral kills)
  An orc priest (D:4)
  An orc wizard (D:4)
  A merfolk avatar (Sewer)
  An adder (Sewer)
  An orc (D:4)
  A ball python (Sewer)
6 creatures vanquished.

Vanquished Creatures (others)
  4 fungi (D:4)
4 creatures vanquished.

Grand Total: 125 creatures vanquished

Notes
Turn   | Place    | Note
-------+----------+-------------------------------------------
     0 | D:1      | chaleem the Demonspawn Chaos Knight began the quest for the
                  | Orb.
     0 | D:1      | Reached XP level 1. HP: 18/18 MP: 1/1
   111 | D:1      | XOM: divination: detect creatures
   165 | D:1      | XOM: divination: detect items
   430 | D:1      | XOM: cast spell 'Olgreb's Toxic Radiance'
   446 | D:1      | Reached skill level 3 in Axes
   451 | D:1      | Gained mutation: You regenerate magic rapidly. [demonic
                  | ancestry]
   451 | D:1      | Reached XP level 2. HP: 21/24 MP: 2/2
   464 | D:1      | Reached skill level 1 in Dodging
   754 | D:1      | XOM: 3-stop teleportation journey
   904 | D:1      | XOM: god gift: 44 gold pieces
  1036 | D:1      | XOM: give mutations
  1036 | D:1      | Gained mutation: Your flesh is cold resistant. (rC+) [Xom's
                  | mischief]
  1036 | D:1      | Gained mutation: Your movements are slightly less
                  | encumbered by armour. (ER -2) [Xom's mischief]
  1036 | D:1      | Lost mutation: Your flesh is cold resistant. (rC+) [Xom's
                  | mischief]
  1155 | D:2      | XOM: god gift: staff of earth
  1265 | D:2      | XOM: give mutations
  1265 | D:2      | Gained mutation: Your movements are less encumbered by
                  | armour. (ER -4) [Xom's grace]
  1265 | D:2      | Gained mutation: You have hidden genetic potential. [Xom's
                  | grace]
  1265 | D:2      | Gained mutation: You possess an exceptional clarity of
                  | mind. [Xom's grace]
  1343 | D:2      | Found a faded altar of an unknown god.
  1545 | D:2      | XOM: god gift: wand of digging (5)
  1594 | D:2      | Gained mutation: You are partially covered in sharp spines.
                  | [demonic ancestry]
  1594 | D:2      | Reached XP level 3. HP: 29/29 MP: 3/3
  1675 | D:2      | XOM: 1-stop teleportation journey
  2183 | D:3      | Found Jamon's Book Shop.
  2366 | D:3      | Gained mutation: You have a somewhat thin skeletal
                  | structure. (Dex +2, Stealth+) [hidden potential]
  2704 | D:3      | XOM: butterfly on damage
  2709 | D:3      | Gained mutation: Your touch may inflict minor irresistible
                  | damage on your foes. [demonic ancestry]
  2709 | D:3      | Reached XP level 4. HP: 16/35 MP: 4/4
  2717 | D:3      | Found a glowing drain.
  2723 | D:3      | Reached skill level 4 in Axes
  2723 | D:3      | Gained mutation: You have large cloven feet. [hidden
                  | potential]
  2723 | D:3      | Lost mutation: You have hidden genetic potential. [hidden
                  | potential expressed]
  2726 | Sewer    | XOM: noise
  2726 | Sewer    | Entered a sewer
  3057 | Sewer    | XOM: butterfly on damage
  3067 | Sewer    | XOM: 2-stop teleportation journey
  3071 | Sewer    | XOM: 1-stop teleportation journey
  3078 | Sewer    | HP: 1/35 [river rat (4)]
  3085 | Sewer    | HP: 1/36 [river rat (2)]
  3088 | Sewer    | Reached XP level 5. HP: 2/41 MP: 5/5
  3488 | Sewer    | XOM: summons 2 friendly demons
  3786 | D:3      | XOM: give mutations
  3786 | D:3      | Gained mutation: Your spells are a little harder to cast,
                  | but a little more powerful. [Xom's grace]
  3786 | D:3      | Gained mutation: You are strong-willed. (Will+) [Xom's
                  | grace]
  4002 | D:3      | Reached skill level 1 in Stealth
  4131 | D:4      | Reached XP level 6. HP: 43/48 MP: 6/6
  4219 | D:4      | Noticed a water moccasin
  4227 | D:4      | Killed a water moccasin
  4482 | D:4      | Reached skill level 5 in Axes
  4661 | D:4      | Found a staircase to the Ecumenical Temple.
  4781 | D:4      | Gained mutation: You are mostly covered in sharp spines.
                  | [demonic ancestry]
  4781 | D:4      | Reached XP level 7. HP: 51/55 MP: 7/7
  4837 | D:4      | Found Yfracil's Antique Armour Shop.
  4883 | D:4      | Found a basalt altar of Yredelemnul.
  4966 | D:4      | Found a runed translucent door.
  4967 | D:4      | Noticed Crazy Yiuf
  4975 | D:4      | Killed Crazy Yiuf
  4976 | D:4      | Reached skill level 5 in Fighting
  5105 | D:5      | Entered Level 5 of the Dungeon
  5495 | D:5      | Reached skill level 6 in Axes
  5495 | D:5      | Gained mutation: When hurt, damage is shared between your
                  | health and your magic reserves. [demonic ancestry]
  5495 | D:5      | Reached XP level 8. HP: 63/63 MP: 8/8
  5576 | D:5      | Found a blossoming altar of Fedhas.
  5591 | D:5      | Found a shimmering altar of Xom.
  5595 | D:5      | Found a bloodstained altar of Trog.
  6011 | D:5      | XOM: noise
  6340 | D:6      | Identified the +3 leather armour of Focus {Str+3}
  6519 | D:6      | Noticed a seven-headed hydra
  6524 | D:6      | XOM: divination: detect creatures
  6524 | D:6      | HP: 2/64 [nine-headed hydra (19)]
  6524 | D:6      | Mangled by a nine-headed hydra

Illustrated notes

Levels and vault maps discovered:
D:1:      lemuel_arrival_broad_hall, layout_loops_ring
D:2:      layout_basic, dreamdust_ecumenical_altar_angels_and_demons,
          minmay_hedge_maze
D:3:      layout_basic, portal_sewer_entry_e, serial_shops, shop
D:4:      layout_rooms, kennysheep_mini, minmay_temple_entry_from_below_b,
          serial_shops, nicolae_shop_temple_entry_statues_fountains,
          uniq_crazy_yiuf_cottage
D:5:      layout_cave_pods, elyvilon_altar_5, fedhas_bush_and_centaur_altar,
          nicolae_overflow_hidden_temple
D:6:      layout_loops_ring, okawaru_gym_becter, amcnicky_altar_gilded,
          minmay_unpleasant_kobolds

Skill      XL: |  1  2  3  4  5  6  7  8 |
---------------+-------------------------+-----
Axes           | 3 4 5 6 |  6.9
Dodging        | 1 2 3 |  3.7
Armour         | 2 |  2.8
Stealth        | 1 2 3 4 |  4.1
Fighting       | 4 5 |  5.8

Action                   |  1- 3 |  4- 6 |  7- 9 || total
-------------------------+-------+-------+-------++-------
Melee: Hand axe          |    84 |    88 |   119 ||   291
       Touch             |       |     7 |    43 ||    50
       Punch             |       |       |     1 ||     1
  Use: Potion            |       |     2 |       ||     2
 Stab: Sleeping          |       |     5 |     6 ||    11
       Paralysed         |       |       |     2 ||     2
Armor: Leather armour    |    19 |       |       ||    19
       Ring mail         |    14 |    30 |    28 ||    72
Dodge: Dodged            |    52 |    41 |    57 ||   150

Table legend: (Time is in decaauts)
 A = Elapsed time spent in this place.
 B = Non-inter-level travel time spent in this place.
 C = Inter-level travel time spent in this place.
 D = Time resting spent in this place.
 E = Time spent auto-exploring this place.
 F = Levels seen in this place.
 G = Mean time per level.
                   A        B        C        D        E       F      G
               +--------+--------+--------+--------+--------+-----+--------+
         Total |   6619 |   6206 |    413 |    761 |   4176 |   7 |  945.6 |
       Dungeon |   5493 |   5080 |    413 |    196 |   3949 |   6 |  915.5 |
         Sewer |   1126 |   1126 |      0 |    565 |    227 |   1 | 1126.0 |
               +--------+--------+--------+--------+--------+-----+--------+

Top non-repeatable levels by time:
     D:5: 1237 daAuts
   Sewer: 1126 daAuts
     D:1: 1124 daAuts
     D:2: 1029 daAuts
     D:4: 1013 daAuts
     D:3: 905 daAuts
     D:6: 182 daAuts
